Map: Pillars of Gold LE

Players

TeebuL

  • Race: Protoss Protoss
  • Spawn Location: 7:00

Seither - Winner!

  • Race: Terran Terran
  • League: Grandmaster
  • Spawn Location: 1:00

Event: DreamHack SC2 Masters 2020 Winter

VOD

Have the link to the VOD?

Description

Time

  • Played on: Oct. 23, 2020, 7:01 a.m.
  • Length: 11:00

All games in this series

Show
View Real Time Build Order
Export as new Build Order

TeebuL Protoss 

Build Orders:  

Get SALT Encoding   

  12  0:00  Probe  
  13  0:12  Probe  
  14  0:18  Pylon  
  14  0:24  Probe  
  15  0:37  Probe (Chrono Boost)  
  15  0:39  Gateway  
  16  0:48  Probe (Chrono Boost)  
  17  0:50  Assimilator  
  17  0:53  Probe (Chrono Boost)  
  18  1:03  Probe  
  19  1:15  Probe  
  20  1:27  Cybernetics Core  
  20  1:29  Probe  
  21  1:34  Zealot  
  21  1:36  Pylon  
  23  1:54  Probe  
  24  2:01  Stalker (Chrono Boost), Assimilator  
  24  2:05  Warp Gate  
  26  2:14  Nexus  
  25  2:27  Stalker (Chrono Boost)  
  27  2:32  Probe  
  28  2:40  Pylon  
  28  2:48  Probe  
  29  3:01  Probe  
  30  3:06  Stargate  
  28  3:13  Probe  
  29  3:25  Probe  
  29  3:26  Probe  
  28  3:38  Probe x2 (Chrono Boost)  
  29  3:50  Probe x2 (Chrono Boost)  
  29  3:53  Stalker  
  30  3:57  Probe x2 (Chrono Boost)  
  31  4:04  Probe x2  
  30  4:18  Probe (Chrono Boost)  
  30  4:19  Probe (Chrono Boost)  
  32  4:24  Oracle  
  32  4:30  Probe (Chrono Boost)  
  37  4:32  Probe (Chrono Boost)  
  38  4:39  Probe (Chrono Boost)  
  38  4:41  Probe (Chrono Boost)  
  38  4:44  Twilight Council  
  39  4:45  Probe (Chrono Boost)  
  39  4:52  Probe  
  39  4:58  Probe  
  40  5:05  Probe  
  41  5:10  Probe  
  42  5:17  Probe  
  43  5:22  Probe, Gateway  
  43  5:24  Gateway  
  43  5:26  Dark Shrine  
  43  5:28  Pylon  
  44  5:29  Probe  
  44  5:34  Probe  
  46  5:40  Stalker  
  46  5:41  Probe  
  46  5:42  Assimilator  
  49  5:48  Probe  
  50  5:53  Probe  
  49  6:00  Probe  
  49  6:02  Assimilator, Gateway  
  50  6:05  Probe  
  50  6:06  Robotics Facility  
  51  6:13  Probe  
  51  6:17  Probe  
  53  6:25  Probe  
  54  6:29  Probe  
  54  6:31  Nexus  
  55  6:35  Pylon  
  55  6:37  Probe  
  55  6:38  Dark Templar x3  
  62  6:46  Probe (Chrono Boost)  
  60  6:50  Probe (Chrono Boost)  
  58  6:59  Probe (Chrono Boost)  
  58  7:01  Probe (Chrono Boost), Charge  
  60  7:06  Robotics Bay  
  60  7:07  Probe (Chrono Boost)  
  62  7:08  Probe (Chrono Boost)  
  62  7:12  Probe (Chrono Boost)  
  59  7:16  Probe  
  59  7:19  Dark Templar  
  60  7:23  Probe  
  60  7:27  Sentry, Zealot x2  
  60  7:28  Probe  
  68  7:33  Pylon  
  68  7:35  Probe  
  69  7:40  Probe  
  70  7:49  Disruptor (Chrono Boost)  
  70  7:54  Zealot x4  
  70  7:58  Gateway  
  81  7:59  Gateway  
  81  8:00  Probe  
  81  8:02  Shield Battery  
  79  8:10  Probe  
  80  8:13  Probe  
  80  8:14  Stalker x2  
  80  8:18  Stalker  
  88  8:27  Colossus (Chrono Boost)  
  91  8:34  Dark Templar  
  91  8:40  Pylon  
  91  8:43  Probe  
  91  8:45  Pylon  
  91  8:47  Probe  
  93  9:00  Zealot x3  
  93  9:01  Zealot  
  101  9:04  Pylon x2  
  101  9:06  Pylon  
  101  9:08  Dark Templar x2  
  105  9:13  Disruptor  
  106  9:20  Extended Thermal Lance  
  106  9:21  Zealot  
  108  9:26  Zealot x2  
  108  9:27  Zealot  
  113  9:38  Probe x2  
  111  9:42  Forge  
  111  9:43  Forge  
  111  9:44  Stalker x3  
  89  9:56  Zealot x3  
  89  9:58  Disruptor (Chrono Boost)  
  77  10:10  Dark Templar x3  
Show
View Real Time Build Order
Export as new Build Order

Seither Terran - Winner!

Build Orders:  

Get SALT Encoding   

  12  0:00  SCV  
  13  0:12  SCV  
  14  0:19  Supply Depot  
  14  0:24  SCV  
  15  0:41  SCV  
  15  0:42  Barracks  
  16  0:49  Refinery  
  16  0:53  SCV  
  17  0:58  Refinery  
  17  1:05  SCV  
  18  1:17  SCV  
  19  1:29  Reaper, Orbital Command  
  20  1:36  Supply Depot  
  20  1:48  Bunker  
  20  1:58  Factory  
  20  2:02  SCV  
  20  2:06  Reaper  
  22  2:14  SCV  
  23  2:26  SCV  
  23  2:37  Command Center  
  23  2:38  SCV  
  26  2:44  Widow Mine  
  26  2:50  SCV  
  27  2:54  Reaper  
  27  2:56  Supply Depot  
  28  3:03  SCV  
  29  3:07  Starport  
  29  3:13  Widow Mine  
  31  3:22  SCV  
  32  3:36  SCV, Factory Tech Lab  
  33  3:45  Supply Depot  
  33  3:49  Viking, SCV  
  36  4:07  SCV  
  36  4:10  Cyclone  
  36  4:15  Supply Depot  
  39  4:21  SCV, Barracks  
  39  4:22  Barracks  
  38  4:27  Orbital Command  
  38  4:33  SCV  
  38  4:38  Liberator  
  42  4:45  SCV  
  43  4:46  Orbital Command  
  43  5:02  SCV  
  43  5:03  Cyclone  
  47  5:10  Barracks Reactor, Barracks Tech Lab  
  47  5:13  SCV  
  48  5:15  SCV, Barracks Reactor  
  48  5:18  Supply Depot  
  48  5:19  Engineering Bay  
  49  5:28  Starport Reactor  
  49  5:30  Stimpack  
  49  5:31  Marauder  
  54  5:35  Siege Tank  
  54  5:38  SCV x2  
  56  5:44  Supply Depot, Refinery  
  56  5:46  Terran Infantry Weapons Level 1  
  55  5:54  SCV x2  
  55  5:55  Marine x2  
  55  5:56  Marine x2  
  55  5:57  Marauder  
  63  5:59  Refinery  
  63  6:06  Supply Depot  
  63  6:10  SCV x2  
  65  6:18  Marine x2  
  65  6:19  Marine x2  
  65  6:20  Marauder, Siege Tank  
  65  6:22  SCV x2  
  76  6:28  Supply Depot  
  76  6:32  Supply Depot  
  76  6:34  SCV  
  76  6:35  SCV  
  78  6:40  Medivac  
  78  6:41  Medivac  
  78  6:44  Marine x4  
  86  6:50  SCV  
  89  6:54  Marauder  
  89  6:55  Siege Tank  
  89  6:59  Supply Depot  
  89  7:01  Supply Depot  
  92  7:03  SCV x2  
  92  7:05  Missile Turret  
  86  7:20  Medivac  
  86  7:21  Missile Turret  
  88  7:23  SCV  
  89  7:38  SCV x2  
  89  7:39  Marauder, Marine  
  89  7:43  Combat Shield  
  94  7:48  Marine x2  
  94  7:49  Supply Depot  
  96  7:53  Siege Tank  
  99  7:59  Terran Infantry Armor Level 1  
  99  8:00  Marauder  
  99  8:02  SCV x2  
  99  8:04  Supply Depot  
  103  8:07  Marine  
  103  8:11  Medivac  
  106  8:16  Medivac  
  108  8:22  Marauder  
  108  8:24  Supply Depot  
  109  8:34  Marine x4  
  109  8:35  Siege Tank  
  109  8:39  Supply Depot  
  116  8:43  Marauder  
  116  8:47  Supply Depot  
  118  8:52  Marine x3  
  116  9:02  Marine  
  113  9:04  Marauder, Liberator  
  113  9:07  Siege Tank  
  113  9:08  Supply Depot  
  121  9:10  Marine  
  121  9:14  Marine x2  
  124  9:20  Marine  
  125  9:26  Marauder  
  125  9:27  Marine  
  128  9:33  Marine x2  
  128  9:38  Marine, Liberator  
  131  9:39  Siege Tank  
  131  9:40  Supply Depot  
  134  9:47  Marauder  
  121  9:56  Missile Turret  
  117  10:00  Marine x2  
  110  10:07  Marine  
  110  10:08  Marine  
  110  10:09  Marauder, Missile Turret  
  110  10:11  Siege Tank  
  109  10:30  Marauder  
Tags
 
Add a new tag
Caveats
  • Supply blocks, unpowered buildings, or Contaminate may cause inaccurate times.
  • Supply counts are checked every 10 seconds.